 Dungeon Crawl Stone Soup version 0.30.0-15-g856e2d3f33 (webtiles) character file.

Game seed: 11942245209719165277

10 Sabo the Charlatan (level 2, 0/23 HPs)
             Began as a Gnoll Wanderer on May 19, 2023.
             Slain by a kobold
             ... wielding a +0 club
              (3 damage)
             ... on level 1 of the Dungeon.
             The game lasted 00:02:03 (218 turns).

Sabo the Charlatan (Gnoll Wanderer)                  Turns: 218, Time: 00:02:04

Health: 0/23       AC:  5    Str: 14    XL:     2   Next: 20%
Magic:  2/2        EV: 10    Int:  8    God:
Gold:   9          SH:  0    Dex: 11    Spells: 1/1 levels left

rFire   . . .        a - +2 short sword
rCold   . . .        (no shield)
rNeg    . . .        f - +0 ring mail
rPois   .            (no helmet)
rElec   .            (no cloak)
rCorr   .            (no gloves)
SInv    .            (no boots)
Will    .....        (no amulet)
Stlth   +            (no ring)
HPRegen 0.23/turn    (no ring)
MPRegen 0.08/turn

%: no passive effects
@: no status effects
A: fangs 1, strong nose, distributed training
a: no special abilities


You were on level 1 of the Dungeon.
You visited 1 branch of the dungeon, and saw 1 of its levels.

You collected 9 gold pieces.

Inventory:

Hand Weapons
 a - a +2 short sword (weapon)
 b - a +0 quarterstaff
Armour
 f - a +0 ring mail (worn)
Potions
 d - a potion of invisibility
Miscellaneous
 c - a piece from Xom's chessboard (15/15) (quivered)


   Skills:
 + Level 2.4 Fighting
 + Level 6.4 Short Blades
 + Level 0.3 Long Blades
 + Level 0.3 Axes
 + Level 0.3 Maces & Flails
 + Level 0.3 Polearms
 + Level 4.4 Staves
 + Level 0.3 Ranged Weapons
 + Level 0.3 Throwing
 + Level 2.4 Armour
 + Level 0.3 Dodging
 + Level 0.3 Stealth
 + Level 0.3 Shields
 + Level 0.3 Unarmed Combat
 + Level 0.3 Spellcasting
 + Level 0.2 Conjurations
 + Level 0.2 Hexes
 + Level 0.2 Summonings
 + Level 0.2 Necromancy
 + Level 0.2 Translocations
 + Level 0.2 Transmutations
 + Level 0.2 Fire Magic
 + Level 0.2 Ice Magic
 + Level 0.2 Air Magic
 + Level 0.2 Earth Magic
 + Level 0.2 Poison Magic
 + Level 0.4 Invocations
 + Level 6.4 Evocations


You had one spell level left.
You didn't know any spells.
Your spell library was empty.

Dungeon Overview and Level Annotations

Branches:
Dungeon (1/15)

Altars:


Innate Abilities, Weirdness & Mutations

You have very sharp teeth.
Your uncanny sense of smell can sniff out nearby items.
Your experience applies equally to all skills.


Message History

The stone hits you but does no damage.
The kobold hits you with a +0 short sword.
You hit the endoplasm.
The endoplasm is heavily wounded.
The kobold closely misses you. The goblin closely misses you.
The endoplasm hits you.
You hit the endoplasm.
You kill the endoplasm!
The bat hits you but does no damage.
You closely miss the bat. The bat hits you but does no damage.
The kobold barely misses you. The kobold closely misses you.
The bat hits you but does no damage. The goblin hits you but does no damage.
You hit the bat.
You kill the bat!
The goblin hits you but does no damage. The kobold closely misses you.
A rat comes into view.
The kobold hits you but does no damage.
You hit the goblin.
The goblin is moderately wounded.
You barely miss the goblin. Your bite misses the goblin.
The goblin is moderately wounded.
The goblin barely misses you. The kobold hits you but does no damage.
The kobold hits you with a +0 short sword.
* * * LOW HITPOINT WARNING * * *
The goblin hits you with a +0 dagger.
* * * LOW HITPOINT WARNING * * *
You hit the goblin.
You kill the goblin!
The kobold barely misses you. The goblin closely misses you.
The goblin hits you but does no damage. The kobold closely misses you.
You closely miss the kobold. Your bite misses the kobold.
The goblin hits you but does no damage. x2; The kobold barely misses you.
The kobold completely misses you.
You barely miss the kobold. You barely miss the kobold.
The kobold closely misses you. The kobold misses you.
The goblin hits you with a +0 club.
* * * LOW HITPOINT WARNING * * *
The goblin closely misses you.
You barely miss the kobold. The kobold hits you with a +0 club.
You die...

.........#....
........?...#..
.>.............
....r.#........
....#..........
...............
......K)g......
.....$K@.......
###...g)..###..
###.......###..
......#.....#.#
......#.......#
............#.#
######
............# #
♣♣♣~~~~♣
#....#......#
#♣♣~~~~8~~
#...........#
#~~~~~~~~~


You could see 2 goblins, 2 kobolds and a rat.

Vanquished Creatures
  2 bats (D:1)
  2 endoplasms (D:1)
  2 goblins (D:1)
  A hobgoblin (D:1)
  A quokka (D:1)
  A frilled lizard (D:1)
9 creatures vanquished.

Notes
Turn   | Place    | Note
-------+----------+-------------------------------------------
     0 | D:1      | Sabo the Gnoll Wanderer began the quest for the Orb.
     0 | D:1      | Sabo set off with the following items: a +2 short sword, a
                  | +0 quarterstaff, a piece from Xom's chessboard (15/15), a
                  | potion of invisibility, a +0 leather armour.
     0 | D:1      | Reached XP level 1. HP: 17/17 MP: 1/1
   207 | D:1      | Reached XP level 2. HP: 12/23 MP: 2/2
   218 | D:1      | Slain by a kobold

Illustrated notes

Levels and vault maps discovered:
D:1:      sevenhm_arrival_forest_fort_small_5, layout_basic

Action                     || total
---------------------------++-------
  Melee: Short sword       ||    38
         Bite              ||     3
 Armour: Ring mail         ||    24
  Dodge: Dodged            ||    37
